 Dungeon Crawl Stone Soup version 0.15-a0-2123-gb18dd36 (webtiles) character file.

3882 MackTheKnife the Basher (level 10, 0/86 HPs)
             Began as a Human Wanderer on July 16, 2014.
             Was a Believer of Okawaru.
             Slain by a polar bear (15 damage)
             ... on Level 7 of the Dungeon.
             The game lasted 00:21:42 (8706 turns).

MackTheKnife the Basher (Human Wanderer)            Turns: 8706, Time: 00:21:42

HP   0/86        AC 18     Str 14      XL: 10   Next: 42%
MP  10/11        EV  8     Int 12      God: Okawaru [**....]
Gold 305         SH  0     Dex 15      Spells:  0 memorised,  9 levels left

rFire  . . .     SeeInvis +     u - +2 mace (flame)
rCold  . . .     Clarity  .     a - +2 scale mail
rNeg   . . .     rCorr    +     (no shield)
rPois  +         rRot     .     r - +2 hat
rElec  .         Spirit   .     C - +0 cloak
SustAb .         Warding  .     b - +0 pair of gloves
rMut   .         Stasis   .     f - +2 pair of boots
Gourm  .                        m - amulet of resist corrosion
MR     .....                    J - ring of poison resistance
                                D - ring of see invisible

@: heroism, not resistant to hostile enchantments, very unstealthy
A: no striking features
a: Heroism, Renounce Religion


You were on level 7 of the Dungeon.
You worshipped Okawaru.
Okawaru was pleased with you.
You were not hungry.

You visited 2 branches of the dungeon, and saw 8 of its levels.

You collected 305 gold pieces.


   Skills:
 + Level 10.5(15.5) Fighting
 - Level 10.5(15.5) Maces & Flails
 - Level 1.0(6.0) Throwing
 - Level 3.0(8.0) Armour
 - Level 1.0(6.0) Dodging
 - Level 1.0 Evocations


You had 9 spell levels left.
You didn't know any spells.

Inventory:

Hand weapons
 u - a +2 mace of flaming (weapon)
 K - a +3 flail
Armour
 a - a +2 scale mail (worn)
 b - a +0 pair of gloves (worn)
 f - a +2 pair of boots (worn)
 r - a +2 hat (worn)
 C - a +0 cloak (worn)
Magical devices
 F - a wand of slowing (8)
 G - a wand of flame (3)
 L - a wand of random effects (17)
Comestibles
 d - 3 bread rations
 h - 6 rotting chunks of centaur flesh {@*1}
 p - 3 beef jerkies
 t - 2 slices of pizza
 z - a meat ration
 B - a fruit
Scrolls
 c - 6 scrolls of teleportation
 e - a scroll of identify
 k - 3 scrolls of amnesia
 o - 2 scrolls of remove curse
 A - a scroll of recharging
 E - 2 scrolls of enchant armour
Jewellery
 l - an uncursed ring of flight
 m - an amulet of resist corrosion (around neck)
 q - an uncursed ring of wizardry
 w - an uncursed ring of positive energy
 y - an uncursed ring of protection from cold
 D - a ring of see invisible (left hand)
 J - a ring of poison resistance (right hand)
Potions
 g - a potion of cancellation
 v - a potion of curing
 H - a potion of agility {unknown}
Magical staves
 n - an uncursed staff of conjuration {unknown}

▒····(···▒▒·▒▒▒▒▒·▒▒▒▒·
▒·▒▒▒▒▒▒▒▒▒··)····▒ ▒· ▒·▒
▒·····▒▒▒▒▒▒▒▒· ▒▒▒·▒▒▒▒▒
▒·····▒ ▒▒·<· ▒·······▒
▒·····▒▒ ▒▒···· ▒·▒·▒▒▒·▒
▒······▒ ▒····· ▒·▒·▒▒▒·▒
▒······▒ ▒▒····
▒·▒··▒▒·▒▒▒Y▒·▒▒·▒ ▒····
▒·▒▒<··/phhY··▒▒·▒▒▒▒·▒▒▒
▒·▒▒·<▒%▒▒▒h▒······▒▒[▒
▒·······▒▒····Y····▒▒·▒
▒▒▒▒·▒·▒▒▒·▒)·▒···hhhh▒▒▒
▒▒·▒▒▒%···▒··▒·▒▒·▒▒▒▒··
▒▒▒▒▒▒▒▒▒▒·▒▒ ▒▒>··········▒
▒·▒
········▒▒▒·▒▒▒·▒▒·▒··▒·▒▒·▒
▒·▒
▒▒▒▒▒▒▒·▒▒▒▒·▒·▒▒▒·▒··▒·▒▒h▒
▒·▒ ▒ ▒·····▒▒▒·▒▒
▒·······Yh▒ ▒·▒


You could see a polar bear (berserk), 2 black bears and 2 sheep.


Message History

The polar bear completely misses you. The polar bear closely misses you.
The polar bear claws you but does no damage.
You hit the polar bear. You burn the polar bear.
The polar bear is almost dead.
The polar bear barely misses you.
The polar bear claws you but does no damage.
The polar bear closely misses you.
You hit the polar bear but do no damage.
The polar bear is almost dead.
You hit the polar bear but do no damage.
You punch the polar bear, but do no damage.
The polar bear is almost dead.
The polar bear bites you!
* * * LOW HITPOINT WARNING * * *
The polar bear claws you but does no damage.
The polar bear claws you.
* * * LOW HITPOINT WARNING * * *
You hit the polar bear but do no damage.
The polar bear is almost dead.
The polar bear misses you. The polar bear barely misses you.
The polar bear claws you but does no damage.
You hit the polar bear. You burn the polar bear.
The polar bear is almost dead.
You hit the polar bear but do no damage.
The polar bear is almost dead.
The polar bear goes berserk!
You hit the polar bear but do no damage.
The polar bear is almost dead.
The polar bear bites you!
You die...

Action                   |  1- 3 |  4- 6 |  7- 9 | 10-12 || total
-------------------------+-------+-------+-------+-------++-------
Melee: Hand axe          |   131 |   122 |       |       ||   253
       Mace              |       |   169 |   488 |    93 ||   750
       Flail             |       |       |     4 |       ||     4
Invok: Heroism           |       |       |       |     3 ||     3
Evoke: Wand              |       |       |     9 |       ||     9
  Use: Scroll            |     8 |     7 |    13 |     2 ||    30
       Potion            |       |       |     6 |     2 ||     8
 Stab: Fleeing           |       |       |       |     1 ||     1
  Eat: Chunk             |     3 |     6 |     1 |       ||    10
       Bread ration      |       |       |     4 |       ||     4

Vault maps used:
D:1:      saegor_arrival_miasma, minivault_14, kennysheep_small_spiral
D:4:      grunt_temple_overflow_opulence, bloody_makhleb,
          grunt_temple_overflow_open, grunt_dithmenos_smoke_and_mirrors
D:5:      first_bread, trog_butcher_becter
D:6:      kiku_gazebo_pond_becter, lemuel_temple_firewalk_marked, roderic_whirl,
          hangedman_decor_lopped, uniq_eustachio
D:7:      lemuel_bear_cage, minitemple
Temple:   roderic_octagonal_lattice_temple

Notes
Turn   | Place    | Note
--------------------------------------------------------------
     0 | D:1      | MackTheKnife, the Human Wanderer, began the quest for the Orb.
     0 | D:1      | Reached XP level 1. HP: 19/19 MP: 1/1
   149 | D:1      | Reached XP level 2. HP: 24/26 MP: 2/2
   894 | D:2      | Reached XP level 3. HP: 27/32 MP: 3/3
  1293 | D:2      | Reached skill level 5 in Fighting
  1842 | D:2      | Reached XP level 4. HP: 33/39 MP: 4/4
  2291 | D:3      | Reached XP level 5. HP: 43/46 MP: 5/5
  2309 | D:3      | Reached skill level 6 in Fighting
  2964 | D:3      | Reached skill level 1 in Maces & Flails
  3282 | D:4      | Found an opulent altar of Gozag.
  3282 | D:4      | Found a sparkling altar of Nemelex Xobeh.
  3298 | D:4      | Reached skill level 2 in Maces & Flails
  3298 | D:4      | Reached XP level 6. HP: 51/53 MP: 7/7
  3506 | D:4      | Reached skill level 3 in Maces & Flails
  3533 | D:4      | Found a burning altar of Makhleb.
  3616 | D:4      | Found a shadowy altar of Dithmenos.
  3655 | D:4      | Found a glowing silver altar of Zin.
  3662 | D:4      | Found a basalt altar of Yredelemnul.
  3779 | D:4      | Reached skill level 4 in Maces & Flails
  3893 | D:4      | Reached XP level 7. HP: 23/59 MP: 8/8
  4340 | D:5      | Entered Level 5 of the Dungeon
  4503 | D:5      | Found a bloodstained altar of Trog.
  4607 | D:5      | Reached skill level 5 in Maces & Flails
  5306 | D:6      | Reached skill level 6 in Maces & Flails
  5316 | D:6      | Reached XP level 8. HP: 46/65 MP: 9/9
  5324 | D:6      | Found an ancient bone altar of Kikubaaqudgha.
  5439 | D:5      | HP: 6/65 [orc/whip (1)]
  5730 | D:6      | Noticed Eustachio
  5747 | D:6      | Killed Eustachio
  5747 | D:6      | Reached skill level 7 in Maces & Flails
  6207 | D:5      | Reached skill level 8 in Maces & Flails
  6616 | D:6      | Reached skill level 9 in Maces & Flails
  6670 | D:6      | Reached XP level 9. HP: 64/70 MP: 10/10
  6690 | D:6      | Found a staircase to the Ecumenical Temple.
  6700 | Temple   | Entered the Ecumenical Temple
  7135 | D:7      | Noticed a polar bear
  7135 | D:7      | Noticed a death yak
  7136 | D:7      | Noticed a polar bear
  7136 | D:7      | Noticed a polar bear
  7136 | D:7      | Noticed a polar bear
  7272 | D:7      | Found a deep blue altar of Sif Muna.
  7275 | D:7      | Found an iron altar of Okawaru.
  7410 | D:7      | Became a worshipper of Warmaster Okawaru
  7482 | D:7      | Reached skill level 10 in Maces & Flails
  8281 | D:7      | Killed a polar bear
  8281 | D:7      | Acquired Okawaru's first power
  8281 | D:7      | Reached skill level 7 in Fighting
  8290 | D:7      | Killed a death yak
  8290 | D:7      | Reached skill level 8 in Fighting
  8290 | D:7      | Reached XP level 10. HP: 77/82 MP: 11/11
  8293 | D:7      | Reached skill level 9 in Fighting
  8481 | D:7      | Reached skill level 10 in Fighting
  8518 | D:7      | Killed a polar bear
  8706 | D:7      | Slain by a polar bear

Vanquished Creatures
  A death yak (D:7)
  2 polar bears (D:7)
  2 yaks (D:7)
  2 hippogriffs (D:7)
  Eustachio (D:6)
  2 black bears (D:7)
  An ogre (D:7)
  2 sky beasts
  A phantom (D:6)
  An ice beast (D:6)
  An orc warrior (D:6)
  2 centaurs (D:6)
  A crocodile (D:7)
  A giant frog (D:5)
  3 scorpions
  A goliath beetle (D:7)
  2 crimson imps
  A jelly (D:7)
  4 hounds
  A centaur skeleton (D:4)
  An orc priest (D:7)
  A black bear skeleton (D:4)
  2 giant frog skeletons (D:6)
  2 iguanas
  6 orc wizards
  4 worker ants
  2 sheep (D:7)
  An ogre skeleton (D:4)
  2 hound skeletons
  9 adders
  A giant mite (D:4)
  2 worms
  An adder skeleton (D:4)
  6 giant geckos
  An ooze (D:3)
  23 orcs
  A ball python (D:3)
  16 bats
  A bat skeleton (D:5)
  A bat zombie (D:5)
  2 giant cockroaches
  12 goblins
  16 hobgoblins
  9 jackals
  11 kobolds
  2 quokkas
  4 giant newts
  A hobgoblin skeleton (D:5)
  2 kobold skeletons
  2 orc skeletons
  9 rats
  A rat skeleton (D:7)
186 creatures vanquished.

Vanquished Creatures (others)
  A hobgoblin (D:1)
1 creature vanquished.

Grand Total: 187 creatures vanquished
